 Dungeon Crawl Stone Soup version 0.23.2-33-g5129a83184 (webtiles) character file.

Game seed: 9533087495878392221

112 Derp the Skirmisher (level 4, 0/37 HPs)
             Began as a Demonspawn Abyssal Knight on July 14, 2019.
             Was a Believer of Lugonu.
             Splashed by a jelly's acid (8 damage)
             ... on level 2 of the Dungeon.
             The game lasted 00:04:41 (1742 turns).

Derp the Skirmisher (Demonspawn Abyssal Knight)     Turns: 1742, Time: 00:04:44

Health: 0/37       AC:  0    Str: 14    XL:     4   Next: 64%
Magic:  5/5        EV: 10    Int: 13    God:    Lugonu [**....]
Gold:   113        SH:  3    Dex: 12    Spells: 3/3 levels left

rFire    . . .     SeeInvis .   a - +1 mace
rCold    + . .     Gourm    .   o - +0 buckler
rNeg     . . .     Faith    .   b - +0 leather armour
rPois    .         Spirit   .   f - +1 helmet
rElec    .         Reflect  .   (no cloak)
rCorr    .         Harm     .   (no gloves)
MR       .....                  (no boots)
Stlth    +.........             (no amulet)
HPRegen  0.12/turn              (no ring)
MPRegen  0.09/turn              (no ring)

@: corroded, sanguine armour
A: cold resistance 1, demonic guardian 1, sanguine armour 1
a: Depart the Abyss, Bend Space, Renounce Religion


You were on level 2 of the Dungeon.
You worshipped Lugonu.
Lugonu was pleased with you.
You were not hungry.

You visited 1 branch of the dungeon, and saw 2 of its levels.
You visited the Abyss 1 time.

You collected 113 gold pieces.

Inventory:

Hand Weapons
 a - a +1 mace (weapon)
Armour
 b - a +0 leather armour (worn)
 f - a +1 helmet (worn)
 o - a +0 buckler (worn)
Scrolls
 e - a scroll of remove curse
 g - 3 scrolls of identify
 h - a scroll of magic mapping {unknown}
 i - a scroll of amnesia {unknown}
 k - 2 scrolls of blinking {unknown}
 l - 2 scrolls of teleportation {unknown}
Potions
 d - 3 potions of curing {unknown}
 j - a potion of ambrosia {unknown}
 m - 2 potions of heal wounds {unknown}
 n - a potion of flight {unknown}
Comestibles
 c - 3 rations


   Skills:
 + Level 4.1 Fighting
 + Level 3.1 Maces & Flails
 + Level 2.1 Armour
 + Level 1.2 Dodging
 + Level 0.4 Stealth
 + Level 2.6 Invocations


You had 3 spell levels left.
You didn't know any spells.
Your spell library was empty.

Dungeon Overview and Level Annotations

Branches:
Dungeon (2/15)

Altars:


Innate Abilities, Weirdness & Mutations

Your flesh is cold resistant. (rC+)
A weak demonic guardian rushes to your aid.
When seriously injured, your bleeding wounds create armour. (AC +6)


Message History

You hit the ooze.
The ooze is heavily wounded.
The ooze hits you.
You sock the ooze!
You kill the ooze!
Lugonu accepts your kill.
You hit the jelly. The acid corrodes you!
Your hands burn!
The jelly is lightly wounded.
You block the jelly's attack.
You hit the jelly but do no damage.
Your hands burn!
Your blood congeals into armour.
The jelly is lightly wounded.
The jelly hits you.
You are splashed with acid!
The jelly closely misses you.
You sock the jelly! The acid corrodes you!
Your hands burn!
* * * LOW HITPOINT WARNING * * *
The jelly is heavily wounded.
The jelly hits you.
* * * LOW HITPOINT WARNING * * *
The acid corrodes you!
You are splashed with acid!
You die...

#...####.....###.....####.#######
##.## ##....##.......# #.# ##
#### ##...##.......# #.# #. #
##..##.......# #.# ## #
##'##.......# #.# # ##
########....#### #.# # .# #....#
#....'..###.# # .# #.####
########.##.# .# #.##.# #@55...##
.# #....# #J#######
.#######.##.##.. ............##..
#######..#####.P #<....##รท.
##.#####.P #.# #.P #.####


You could see a jelly, a friendly white imp and a friendly shadow imp.

Vanquished Creatures
  2 adders (D:2)
  6 oozes (D:2)
  2 worms
  3 dart slugs
  3 leopard geckos
  2 giant cockroaches (D:1)
  7 goblins
  8 hobgoblins
  A quokka (D:2)
  5 bats
  5 frilled lizards
  9 kobolds
  2 rats
55 creatures vanquished.

Vanquished Creatures (others)
  A fungus (D:2)
  7 toadstools (D:2)
8 creatures vanquished.

Grand Total: 63 creatures vanquished

Notes
Turn   | Place    | Note
-------+----------+-------------------------------------------
     0 | Abyss:1  | Derp the Demonspawn Abyssal Knight began the quest for the
                  | Orb.
     0 | Abyss:1  | Reached XP level 1. HP: 18/18 MP: 2/2
    77 | D:1      | Escaped the Abyss
   253 | D:1      | Gained mutation: When seriously injured, your bleeding
                  | wounds create armour. (AC +6) [demonic ancestry]
   253 | D:1      | Reached XP level 2. HP: 20/24 MP: 3/3
   445 | D:1      | Reached skill level 1 in Dodging
   545 | D:1      | Gained mutation: Your flesh is cold resistant. (rC+)
                  | [demonic ancestry]
   545 | D:1      | Reached XP level 3. HP: 29/29 MP: 4/4
   942 | D:2      | Reached ** piety under Lugonu
   942 | D:2      | Reached skill level 4 in Fighting
  1088 | D:2      | Gained mutation: A weak demonic guardian rushes to your
                  | aid. [demonic ancestry]
  1088 | D:2      | Reached XP level 4. HP: 17/37 MP: 5/5
  1742 | D:2      | Splashed by a jelly's acid

Skill      XL: |  1  2  3  4 |
---------------+-------------+-----
Maces & Flails | 2 3 |  3.1
Armour         | 2 |  2.1
Dodging        | 1 |  1.2
Fighting       | 4 |  4.1
Stealth        | |  0.4
Invocations    | |  2.6

Action                   |  1- 3 |  4- 6 || total
-------------------------+-------+-------++-------
Melee: Mace              |   122 |    56 ||   178
  Use: Scroll            |       |     2 ||     2
  Eat: Ration            |     1 |       ||     1
Armor: Leather armour    |    68 |    19 ||    87
Dodge: Dodged            |    95 |    16 ||   111
Block: Buckler           |       |     6 ||     6
